 Dungeon Crawl Stone Soup version 0.28-a0-691-gad6df49e81 (webtiles) character file.

Game seed: 1896754444369376983

773 KoroneIsBestGirl the Chiller (level 7, 0/46 HPs)
             Began as a Barachi Ice Elementalist on Oct 21, 2021.
             Was an Initiate of Gozag.
             Slain by an iguana (12 damage)
             ... on level 5 of the Dungeon.
             The game lasted 00:07:41 (6690 turns).

KoroneIsBestGirl the Chiller (BaIE)                 Turns: 6690, Time: 00:07:41

Health: 0/46       AC:  3    Str: 10    XL:     7   Next: 83%
Magic:  10/14      EV: 14    Int: 17    God:    Gozag
Gold:   305        SH:  0    Dex: 12    Spells: 12/16 levels left

rFire   . . .      SeeInvis .   k - +1 hand axe (freeze)
rCold   . . .      Faith    .   (no shield)
rNeg    . . .      Spirit   .   a - +0 robe
rPois   +          Reflect  .   h - +0 helmet
rElec   .          Harm     +   e - scarf {harm}
rCorr   .          Rampage  .   (no gloves)
Will    .....                   (no boots)
Stlth   ++........              (no amulet)
HPRegen 0.15/turn               (no ring)
MPRegen 0.14/turn               c - ring of poison resistance

@: unable to hop, freezing walls, slow
A: amphibious, slowness 1, strong legs 1, +LOS
a: Hop, Renounce Religion, Potion Petition, Call Merchant, Bribe Branch


You were on level 5 of the Dungeon.
You worshipped Gozag.
Gozag was aware of your devotion.
You visited 1 branch of the dungeon, and saw 5 of its levels.

You collected 380 gold pieces.
You paid 75 gold pieces to Gozag.

Inventory:

Hand Weapons
 k - a +1 hand axe of freezing (weapon)
Armour
 a - a +0 robe (worn)
 e - a scarf of harm (worn)
 h - a +0 helmet (worn)
Jewellery
 c - a ring of poison resistance (right hand)
Scrolls
 b - a scroll of immolation
 d - a scroll of enchant weapon {unknown}
 j - a scroll of fog
 n - a scroll of enchant armour {unknown}
 o - a scroll of identify
 p - a scroll of noise {unknown}
Potions
 m - 3 potions of attraction {unknown}


   Skills:
 + Level 5.7 Dodging
 - Level 1.7 Stealth
 + Level 5.2 Spellcasting
 + Level 7.6 Ice Magic


You had 12 spell levels left.
You knew the following spells:

 Your Spells              Type           Power      Damage    Failure   Level
a - Freeze                Ice            100%       1d11      1%          1
b - Frozen Ramparts       Ice            60%        1d8       1%          3

Your spell library contained the following spells:

 Spells                   Type           Power      Damage    Failure   Level
 Ozocubu's Armour         Ice            30%        N/A       1%          3
 Hailstorm                Conj/Ice       17%        3d6       28%         4
 Dazzling Flash           Conj/Hex       8%         N/A       38%         3
 Iskenderun's Mystic Bla  Conj/Tloc      4%         2d3       80%         4
 Starburst                Conj/Fire      2%         6d3       100%        6


Dungeon Overview and Level Annotations

Branches:
Dungeon (5/15)
 Temple: D:4-7

Altars:
Ashenzari
Dithmenos
Gozag
Ru
Sif Muna
Vehumet
Xom
Yredelemnul

Shops:
D:3 [


Innate Abilities, Weirdness & Mutations

You are amphibious.
You cover ground slowly.
You can hop short distances.
You have an extended range of vision and can be seen from far away.


Message History

You can't see any susceptible monsters within range! (Use Z to cast anyway.)
The frozen ramparts melt away.
You now have 305 gold pieces (gained 8).
An iguana and a white imp come into view.
The white imp shouts!
The iguana hisses angrily.
The white imp gestures at you. The puff of frost hits you!
There are monsters nearby!
There are monsters nearby!
The white imp gestures at you. The puff of frost hits you!
The white imp gestures at you. The puff of frost hits you!
* * * LOW HITPOINT WARNING * * *
Hop to where?
Press: ? - help, Dir - move target A howler monkey comes into view.
Boing!
The iguana bites you.
* * * LOW HITPOINT WARNING * * *
The howler monkey moves out of view.
Casting: Freeze (safe; 1% risk of failure)
Confirm with . or Enter, or press ? or * to list all spells.
Casting: Frozen Ramparts (safe; 1% risk of failure)
Press: ? - help, Dir - look around, f - activate The walls around you are covered in ice.
The wall freezes the iguana.
The iguana bites you but does no damage.
The white imp completely resists.
The wall freezes the white imp but does no damage.
The white imp closely misses you.
Casting: Frozen Ramparts (safe; 1% risk of failure)
Confirm with . or Enter, or press ? or * to list all spells.
Aiming: Freeze (safe; 1% risk of failure)
Press: ? - help, Shift-Dir - straight line, f - white imp
Aim: a white imp You freeze the white imp.
The white imp resists.
The white imp is moderately wounded.
The wall freezes the iguana!
The iguana bites you!
You die...
Your body crumbles into a pile of gold.

#..#................#.###.#.#
#.........................###
#..#.#.###########..#.###.#
#......# #..#.# #.# ##.#.#.#
#..#.# #.# ....#.### ####.#
#.# ............ #.# #.#
##.#..........#######.###.###
...............@l............
##.##.##.......5.....###.###.
#.......##.##.# #.......
#.##.# #....... # ##.#
#....... ... ##+####. #.# #.
#.# #. .#


You could see an iguana and a white imp.

Vanquished Creatures
  Grinder (D:5)
  A scorpion (D:4)
  A water moccasin skeleton (D:5)
  A jelly (D:5)
  A bullfrog skeleton (D:5)
  2 orc priests
  4 hounds
  Jessica (D:3)
  An orc wizard (D:4)
  An iguana (D:5)
  A scorpion zombie (D:3)
  4 adders
  An ufetubus (D:4)
  3 dart slugs
  8 orcs
  11 ball pythons
  6 endoplasms
  3 giant cockroaches
  9 goblins
  8 hobgoblins
  3 jackals (D:5)
  3 quokkas
  6 bats
  5 frilled lizards
  6 kobolds
  6 rats
97 creatures vanquished.

Notes
Turn   | Place    | Note
-------+----------+-------------------------------------------
     0 | D:1      | KoroneIsBestGirl the Barachi Ice Elementalist began the
                  | quest for the Orb.
     0 | D:1      | Reached XP level 1. HP: 13/13 MP: 3/3
   290 | D:1      | Reached skill level 5 in Ice Magic
   290 | D:1      | Reached XP level 2. HP: 9/19 MP: 0/5
  1386 | D:2      | Found a faded altar of an unknown god.
  1463 | D:2      | Reached XP level 3. HP: 16/24 MP: 4/7
  1470 | D:2      | Learned a level 3 spell: Frozen Ramparts
  1656 | D:2      | Reached XP level 4. HP: 9/30 MP: 0/8
  2076 | D:2      | Found a sacrificial altar of Ru.
  2495 | D:3      | Noticed Jessica
  2501 | D:3      | Found a shimmering blue altar of Sif Muna.
  2509 | D:3      | Killed Jessica
  2510 | D:3      | Reached XP level 5. HP: 5/35 MP: 1/10
  3508 | D:3      | Found a shimmering altar of Xom.
  3540 | D:3      | Reached skill level 6 in Ice Magic
  3720 | D:3      | Found a shadowy altar of Dithmenos.
  3751 | D:3      | Found a basalt altar of Yredelemnul.
  3854 | D:3      | Found Xatacarch's Antique Armour Boutique.
  3980 | D:4      | Found a radiant altar of Vehumet.
  4246 | D:4      | Reached XP level 6. HP: 37/41 MP: 8/11
  4507 | D:4      | Found an opulent altar of Gozag.
  4515 | D:4      | Became a worshipper of Gozag Ym Sagoz the Greedy
  4877 | D:4      | Found a sacrificial altar of Ru.
  5338 | D:5      | Entered Level 5 of the Dungeon
  5338 | D:5      | Noticed Grinder
  5467 | D:4      | Found a broken altar of Ashenzari.
  5580 | D:4      | Identified the +1 scale mail of the Beginning {Rampage
                  | rCorr}
  6042 | D:5      | Killed Grinder
  6043 | D:5      | Reached skill level 5 in Dodging
  6043 | D:5      | Reached skill level 7 in Ice Magic
  6043 | D:5      | Reached XP level 7. HP: 43/46 MP: 12/14
  6282 | D:5      | Reached skill level 5 in Spellcasting
  6690 | D:5      | Slain by an iguana

Illustrated notes

Levels and vault maps discovered:
D:1:      eino_arrival_druids_welcome, layout_loops_ring, patterned_corridor
D:2:      layout_loops_ring, shapermc_ecumenical_altar_notcrosses, basic_altar,
          kennysheep_potato
D:3:      layout_basic, mainiacjoe_overflow_concentric_impassable,
          mainiacjoe_overflow_alcove_1, tgw_sif, mainiacjoe_overflow_brackets,
          serial_shops, shop
D:4:      layout_loops_ring, kennysheep_little_box, amcnicky_altar_gilded,
          nicolae_gozag_cash_rules_everything_around_me, hangedman_ru_absence,
          nicolae_ossuary_entry_plus
D:5:      cheibrodos_quashed, layout_basic, nicolae_overflow_crystal_walls,
          mainiacjoe_overflow_alcove_2, uniq_grinder

Skill      XL: |  1  2  3  4  5  6  7 |
---------------+----------------------+-----
Ice Magic      | 5 6 7 |  7.6
Dodging        | 3 4 5 |  5.7
Spellcasting   | 3 4 5 |  5.2
Stealth        | |  1.7

Action                   |  1- 3 |  4- 6 |  7- 9 || total
-------------------------+-------+-------+-------++-------
Melee: Unarmed           |    26 |       |       ||    26
       Hand axe          |     8 |    93 |    28 ||   129
 Cast: Freeze            |    42 |    41 |    10 ||    93
       Frozen Ramparts   |     2 |     8 |     2 ||    12
 Abil: Hop               |       |     1 |     1 ||     2
  Use: Scroll            |       |     4 |       ||     4
       Potion            |       |     3 |       ||     3
 Stab: Sleeping          |       |     1 |     1 ||     2
Armor: Robe              |    21 |    38 |    11 ||    70
Dodge: Dodged            |    42 |    99 |    25 ||   166

Table legend: (Time is in decaauts)
 A = Elapsed time spent in this place.
 B = Non-inter-level travel time spent in this place.
 C = Inter-level travel time spent in this place.
 D = Time resting spent in this place.
 E = Time spent auto-exploring this place.
 F = Levels seen in this place.
 G = Mean time per level.
                   A        B        C        D        E       F      G
               +--------+--------+--------+--------+--------+-----+--------+
         Total |   7245 |   6969 |    276 |   1398 |   4710 |   5 | 1449.0 |
       Dungeon |   7245 |   6969 |    276 |   1398 |   4710 |   5 | 1449.0 |
               +--------+--------+--------+--------+--------+-----+--------+

Top non-repeatable levels by time:
     D:4: 2181 daAuts
     D:2: 1848 daAuts
     D:1: 1391 daAuts
     D:3: 1096 daAuts
     D:5: 726 daAuts
